 Dungeon Crawl Stone Soup version 5.7-8-g3a8b389 (webtiles) character file.

60 Sir the Vexing (level 5, -5/44 HPs)
             Began as a Naga Arcane Marksman on Sept 2, 2018.
             Was a Follower of Cheibriados.
             Slain by a worker ant (6 damage)
             ... on level 3 of the Dungeon.
             The game lasted 00:07:26 (1507 turns).

Sir the Vexing (Naga Arcane Marksman)               Turns: 1507, Time: 00:07:27

Health: -5/44      AC:  3 (14%)Str: 22  XL:     5   Next: 16%
Magic:  10/10      EV: 10    Int: 21    God:    Cheibriados [1*[41]]
Gold:   147        SH:  0    Dex: 14    Spells: 9/10 levels left

rFire    . . .     SeeInvis +   a - +1 shortbow
rCold    + . .     Faith    .   (shield currently unavailable)
rNeg     . . .     Spirit   .   b - +0 leather armour
rPois    +         Reflect  .   (no helmet)
rElec    .                      (no cloak)
rCorr    .                      (no gloves)
MR       .....                  (no barding)
Stlth    +.........             (no amulet)
Regen    0.2/turn               (no ring)
MPRegen  0.2/turn               (no ring)

@: mighty, brilliant, lethally poisoned (-5 -> -13), very slow
A: see invisible, cold resistance 1, deformed body, poison resistance, slowness
2, spit poison 1, AC +1
a: Spit Poison, Bend Time, Renounce Religion


You were on level 3 of the Dungeon.
You worshipped Cheibriados.
Cheibriados was aware of your devotion.
You were not hungry.

You visited 1 branch of the dungeon, and saw 3 of its levels.

You collected 147 gold pieces.

Inventory:

Hand Weapons
 a - a +1 shortbow (weapon)
 e - a +2 dagger of draining
Missiles
 d - 80 poisoned darts
Armour
 b - a +0 leather armour (worn)
 c - a +0 robe
Scrolls
 f - 3 scrolls of teleportation


   Skills:
 - Level 1.0 Fighting
 * Level 3.3 Bows & Xbows
 - Level 1.5 Dodging
 + Level 4.5 Hexes
 * Level 2.5 Translocations


You had 9 spell levels left.
You knew the following spells:

 Your Spells              Type           Power        Failure   Level  Hunger
a - Corona                Hex            37 (90)      1%          1    N/A

Your spell library contained the following spells:

 Spells                   Type           Power        Failure   Level  Hunger
 Cause Fear               Hex            37 (200)     4%          4    N/A
 Slow                     Hex            37 (100)     1%          2    N/A
 Blink                    Tloc           N/A          1%          2    N/A
 Portal Projectile        Hex/Tloc       33 (50)      1%          3    N/A
 Leda's Liquefaction      Hex/Erth       28 (200)     10%         4    N/A

Dungeon Overview and Level Annotations

Branches:
Dungeon (3/15)

Altars:
Cheibriados
Gozag
Jiyva
Kikubaaqudgha
Lugonu
Uskayaw
Vehumet
Wu Jian
Xom
The Shining One


Innate Abilities, Weirdness & Mutations

You cannot wear boots.
Your serpentine skin is tough. (AC +1)
You have supernaturally acute eyesight. (SInv)
Armour fits poorly on your strangely shaped body.
Your system is resistant to poisons. (rPois)
You cover ground very slowly.
You can spit poison.
Your flesh is cold resistant. (rC+)


Message History

Aim: a worker ant (almost dead)
Okay, then.
You shoot an arrow.
The arrow barely misses the worker ant (0).
You feel sick. The worker ant bites you (5).
* * * LOW HITPOINT WARNING * * *
You feel very mighty all of a sudden.
You feel clever all of a sudden.
You have got your breath back.
You feel sick. The worker ant bites you (1).
* * * LOW HITPOINT WARNING * * *
You are more poisoned.
The worker ant poisons you!
Firing (i - inventory):
Press: ? - help, Shift-Dir - straight line, f/p - worker ant
Aim: a worker ant (almost dead)
Okay, then.
You shoot an arrow.
The arrow barely misses the worker ant (0).
You feel sick. The worker ant barely misses you. The worker ant bites you (6).
You die...

..... .........#
.... . .........#
...... .........#
...... .........#
........ .........#
..................#
.#..............a.#
_...............@.#
.#................#
..................#
..................#
..................#
..................#
..................#
..................#
..................#


You could see a worker ant.

Vanquished Creatures
  2 worker ants (D:3)
  An adder (D:2)
  An ooze (D:2)
  2 dart slugs (D:1)
  4 quokkas
  2 ball pythons
  4 bats
  12 giant cockroaches
  3 goblins
  8 hobgoblins
  6 frilled lizards
  7 kobolds
  4 rats
56 creatures vanquished.

Notes
Turn   | Place    | Note
-------+----------+-------------------------------------------
     0 | D:1      | Sir the Naga Arcane Marksman began the quest for the Orb.
     0 | D:1      | Reached XP level 1. HP: 18/18 MP: 2/2
    70 | D:1      | Reached XP level 2. HP: 25/25 MP: 3/3
   118 | D:1      | Gained mutation: Your mind is acute. (Int +5) [potion of mutation]
   118 | D:1      | Gained mutation: You have a tentacle on your back. [potion of mutation]
   118 | D:1      | Gained mutation: Your flesh is cold resistant. (rC+) [potion of mutation]
   184 | D:1      | Reached skill level 1 in Translocations
   287 | D:1      | Reached XP level 3. HP: 29/31 MP: 6/6
   481 | D:2      | Found an ornate altar of the Wu Jian Council.
   581 | D:2      | Found a glowing golden altar of the Shining One.
   641 | D:2      | Found a shimmering altar of Xom.
   642 | D:2      | Found a snail-covered altar of Cheibriados.
   643 | D:2      | Found a shimmering altar of Xom.
   643 | D:2      | Found a faded altar of an unknown god.
   644 | D:2      | Found a shimmering altar of Xom.
   644 | D:2      | Found a shimmering altar of Xom.
   645 | D:2      | Found a shimmering altar of Xom.
   645 | D:2      | Found a shimmering altar of Xom.
   649 | D:2      | Found a corrupted altar of Lugonu.
   652 | D:2      | Became a worshipper of Cheibriados the Contemplative
   698 | D:2      | Reached XP level 4. HP: 31/38 MP: 7/7
   699 | D:2      | Found a viscous altar of Jiyva.
   825 | D:2      | Reached * piety under Cheibriados
   870 | D:2      | Found an opulent altar of Gozag.
   942 | D:2      | Found an ancient bone altar of Kikubaaqudgha.
  1161 | D:3      | Reached XP level 5. HP: 15/44 MP: 10/10
  1409 | D:3      | Found a radiant altar of Vehumet.
  1456 | D:3      | Found a hide-covered altar of Uskayaw.
  1457 | D:3      | Lost mutation: Your flesh is cold resistant. (rC+) [potion of mutation]
  1457 | D:3      | Lost mutation: Your mind is acute. (Int +5) [potion of mutation]
  1457 | D:3      | Lost mutation: You have a tentacle on your back. [potion of mutation]
  1457 | D:3      | Gained mutation: Your flesh is cold resistant. (rC+) [potion of mutation]
  1507 | D:3      | HP: 1/44 [poisoned by a worker ant]
  1507 | D:3      | Slain by a worker ant

Skill      XL: |  1  2  3  4 |
---------------+-------------+-----
Bows & Xbows   | 2 3 |  3.3
Translocations | 1 2 |  2.5
Fighting       | |  1.0
Dodging        | |  1.5
Hexes          | |  4.5

Action                   |  1- 3 |  4- 6 || total
-------------------------+-------+-------++-------
 Fire: Shortbow          |   118 |    86 ||   204
 Abil: Spit Poison       |       |     2 ||     2
  Use: Potion            |     1 |     4 ||     5
Armor: Robe              |     8 |    12 ||    20
       Skin              |       |    15 ||    15
Dodge: Dodged            |    27 |    21 ||    48
